 Dungeon Crawl Stone Soup version 0.18-a0-1639-g7533f42 (webtiles) character file.

1896 M4edhros the Slinger (level 9, -1/54 HPs)
             Began as an Octopode Hunter on Mar 27, 2016.
             Was an Initiate of Gozag.
             Slain by a giant frog (8 damage)
             ... on level 7 of the Dungeon.
             The game lasted 00:09:58 (5691 turns).

M4edhros the Slinger (Octopode Hunter)              Turns: 5691, Time: 00:09:58

Health: -1/54      AC:  1    Str: 16    XL:     9   Next: 15%
Magic:  9/9        EV: 22    Int: 14    God:    Gozag
Gold:   326        SH:  0    Dex: 20    Spells: 1 memorised, 5 levels left

rFire  . . .     SeeInvis .     i - +0 halberd
rCold  + . .     Gourm    .     (shield currently unavailable)
rNeg   . . .     Faith    .     (helmet restricted)
rPois  .         Spirit   .     (no amulet)
rElec  .         Dismiss  .     e - ring of protection from cold
rCorr  .         Reflect  .     (no ring)
SustAt .         Harm     .     (no ring)
MR     .....                    (no ring)
Stlth  ++++......               (no ring)
                                (no ring)
                                (no ring)
                                (no ring)

@: mighty, agile, gold aura, not resistant to hostile enchantments, stealthy
A: almost no armour, amphibious, 8 rings, constrict 8, camouflage 1, gelatinous
body 1
a: Potion Petition, Call Merchant, Bribe Branch, Renounce Religion


You were on level 7 of the Dungeon.
You worshipped Gozag.
Gozag was noncommittal.
You were not hungry.

You visited 1 branch of the dungeon, and saw 7 of its levels.

You collected 835 gold pieces.
You paid 509 gold pieces to Gozag.

Inventory:

Hand Weapons
 a - a +1 hunting sling
 b - a +0 short sword
 i - a +0 halberd (weapon)
 j - a +0 spear
 x - a +0 blowgun
Missiles
 c - 68 sling bullets
 p - 67 stones (quivered)
 y - 34 poisoned needles
Jewellery
 e - a ring of protection from cold (left tentacle)
Wands
 k - a wand of enslavement (10/24)
 q - a wand of digging (14/24)
 r - a wand of teleportation (2/9)
 z - a wand of teleportation (0/9)
 B - a wand of enslavement (8/24)
Scrolls
 f - a scroll of blinking {unknown}
 g - 5 scrolls of teleportation {unknown}
 h - a scroll of random uselessness {unknown}
 n - a scroll of fog
 o - 2 scrolls of amnesia {unknown}
 s - 7 scrolls of remove curse {unknown}
 t - a scroll of fear {unknown}
 u - a scroll of identify
 v - a scroll of enchant weapon {unknown}
 A - 2 scrolls of immolation {unknown}
Books
 w - a book of Battle

   Spells                             Type                      Level
   a - Infusion                       Charms                       1
   b - Shroud of Golubria             Charms/Translocation         2
   c - Song of Slaying                Charms                       2
   d - Spectral Weapon                Hexes/Charms                 3
   e - Regeneration                   Charms/Necromancy            3
Comestibles
 d - 5 bread rations
 l - 2 meat rations
 C - 4 fruits


   Skills:
 - Level 2.0 Fighting
 + Level 1.3 Polearms
 - Level 10.3 Slings
 + Level 6.2 Dodging
 - Level 1.3 Stealth
 + Level 1.2 Charms
 + Level 1.1 Necromancy


You had 5 spell levels left.
You knew the following spells:

 Your Spells              Type           Power        Failure   Level  Hunger
a - Regeneration          Chrm/Necr      #.........   61%         3    ####...


Dungeon Overview and Level Annotations

Branches:
Dungeon (7/15)
 Temple: D:4-7

Altars:
Ashenzari
Elyvilon
Gozag
Kikubaaqudgha
Okawaru
Qazlal
Trog
Xom
Zin


Innate Abilities, Weirdness & Mutations

You cannot wear most types of armour.
You are amphibious.
You can wear up to eight rings at the same time.
You can use your tentacles to constrict eight enemies at once.
Your skin changes colour to match your surroundings (Stealth).
Your rubbery body absorbs attacks (AC +1).


Message History

Okay, then. [a] - 540 gold - haste and resistance [b] - 168 gold - might and agility [c] - 624 gold - resistance, agility and haste Purchase which effect?
You no longer have enough gold to petition Gozag for potion effects.
You feel very mighty all of a sudden.
You feel agile all of a sudden.
You constrict the giant frog.
The giant frog is distracted by the nearby gold.
The howler monkey is distracted by the nearby gold.
The howler monkey howls!
The giant frog croaks.
You hit the giant frog.
The giant frog is no longer distracted by gold.
You grab the giant frog. You squeeze the giant frog!
The giant frog is severely wounded.
You constrict the giant frog. x2
The howler monkey is no longer distracted by gold.
The giant frog completely misses you. The giant frog hits you!
You die...
Your body crumbles into a pile of gold.

#(. #..[..# .(.. $
+>.(..+ #.....#
#(....#
#####.....#+##
#............#
#............#
5.#####..(.........#
(((h..F@###+###....#
..(###F## ###'##
_#####. #...###
...###. +.#...#
....... #####.####
....... #####.....
.......
#+###.......#.
.......
.....######.# #...#
#.#


You could see 2 giant frogs, a hound and a crimson imp.

Vanquished Creatures
  Eustachio (D:4)
  A hungry ghost (D:7)
  2 phantoms (D:6)
  An ice beast (D:5)
  A sky beast (D:5)
  An ogre (D:5)
  3 centaurs
  A big kobold (D:7)
  A water moccasin skeleton (D:6)
  A howler monkey (D:7)
  3 crimson imps
  A hound (D:5)
  An orc priest (D:4)
  A quasit (D:7)
  A giant frog skeleton (D:4)
  2 gnoll shamans (D:5)
  2 orc wizards
  2 iguanas (D:5)
  2 worker ants
  A worker ant zombie (D:5)
  A howler monkey skeleton (D:5)
  8 adders
  12 gnolls
  An ooze (D:1)
  2 worms
  An adder skeleton (D:5)
  A dart slug (D:2)
  3 giant geckos
  17 orcs
  3 ball pythons
  2 giant cockroaches
  8 goblins
  6 hobgoblins
  14 jackals
  A quokka (D:6)
  5 bats (D:2)
  2 giant newts
  13 kobolds
  A quokka zombie (D:5)
  6 rats (D:3)
136 creatures vanquished.

Notes
Turn   | Place    | Note
--------------------------------------------------------------
     0 | D:1      | M4edhros the Octopode Hunter began the quest for the Orb.
     0 | D:1      | Reached XP level 1. HP: 14/14 MP: 1/1
    65 | D:1      | Reached XP level 2. HP: 12/19 MP: 2/2
   602 | D:2      | Reached XP level 3. HP: 20/24 MP: 3/3
   631 | D:2      | Reached skill level 5 in Slings
   909 | D:2      | Found a white marble altar of Elyvilon.
  1020 | D:2      | Found an ancient bone altar of Kikubaaqudgha.
  1385 | D:3      | Reached XP level 4. HP: 27/29 MP: 4/4
  1481 | D:3      | Reached skill level 6 in Slings
  1621 | D:3      | Found a shimmering altar of Xom.
  1659 | D:3      | Reached XP level 5. HP: 34/34 MP: 5/5
  2083 | D:4      | Found an opulent altar of Gozag.
  2105 | D:4      | Became a worshipper of Gozag Ym Sagoz the Greedy
  2240 | D:4      | Reached skill level 7 in Slings
  2240 | D:4      | Reached XP level 6. HP: 27/39 MP: 6/6
  2395 | D:4      | Found a bloodstained altar of Trog.
  2580 | D:4      | Noticed Eustachio
  2600 | D:4      | Killed Eustachio
  2600 | D:4      | Reached skill level 8 in Slings
  2684 | D:5      | Entered Level 5 of the Dungeon
  2687 | D:5      | Reached XP level 7. HP: 34/45 MP: 7/7
  2739 | D:5      | HP: 2/67 [centaur (5)]
  2745 | D:5      | HP: 2/67 [jackal (2)]
  2754 | D:5      | Gained mutation: Your spells are a little harder to cast, but a little more powerful. [potion of mutation]
  2754 | D:5      | Gained mutation: You are robust (+10% HP). [potion of mutation]
  2754 | D:5      | Gained mutation: You are partially covered in rough black scales (AC +4, Dex -1). [potion of mutation]
  3035 | D:5      | Found a stormy altar of Qazlal.
  3035 | D:5      | Found a glowing silver altar of Zin.
  3049 | D:5      | Reached skill level 9 in Slings
  3202 | D:5      | Lost mutation: You are robust (+10% HP). [potion of cure mutation]
  3202 | D:5      | Lost mutation: Your spells are a little harder to cast, but a little more powerful. [potion of cure mutation]
  3202 | D:5      | Lost mutation: You are partially covered in rough black scales (AC +4, Dex -1). [potion of cure mutation]
  3325 | D:5      | Reached XP level 8. HP: 15/50 MP: 8/8
  3853 | D:5      | Reached skill level 10 in Slings
  4365 | D:6      | Found an iron altar of Okawaru.
  5375 | D:6      | Reached skill level 5 in Dodging
  5465 | D:7      | Noticed a komodo dragon
  5572 | D:7      | Reached XP level 9. HP: 44/54 MP: 9/9
  5600 | D:7      | Learned a level 3 spell: Regeneration
  5671 | D:7      | Found a shattered altar of Ashenzari.
  5682 | D:7      | Reached skill level 1 in Polearms
  5682 | D:7      | Reached skill level 1 in Charms
  5682 | D:7      | Reached skill level 1 in Necromancy
  5691 | D:7      | Slain by a giant frog

Vault maps used:
D:1:      dpeg_arrival_tiny_j
D:2:      elyvilon_altar_5, kiku_gazebo_pond_becter, mrwooster_statue_mirror
D:3:      old_standard_altar
D:4:      nicolae_gozag_seed_capital, bloody_trog, first_bread, uniq_eustachio
D:5:      gammafunk_temple_overflow_pools, kennysheep_small_square
D:6:      okawaru_metal_pillars_3
D:7:      lemuel_crystal_altar, minmay_temple_entry_hall,
          cheibrodos_ashenzari_chains, uniq_menkaure

Skill      XL: |  1  2  3  4  5  6  7  8  9 |
---------------+----------------------------+-----
Slings         | 5 6 7 8 9 10 | 10.3
Dodging        | 6 |  6.2
Polearms       | 1 |  1.3
Charms         | 1 |  1.2
Necromancy     | 1 |  1.1
Fighting       | |  2.0
Stealth        | |  1.3

Action                   |  1- 3 |  4- 6 |  7- 9 || total
-------------------------+-------+-------+-------++-------
Melee: Short sword       |    35 |       |       ||    35
       Spear             |    32 |       |       ||    32
       Halberd           |    15 |   104 |   128 ||   247
 Fire: Hunting sling     |     2 |       |   205 ||   207
       Blowgun           |       |       |    27 ||    27
Invok: Potion Petition   |       |       |     3 ||     3
Evoke: Wand              |       |       |     1 ||     1
  Use: Potion            |     3 |     3 |    12 ||    18
       Scroll            |       |       |     4 ||     4
 Stab: Sleeping          |     9 |    10 |     5 ||    24
       Invisible         |       |       |     1 ||     1
  Eat: Chunk             |     1 |     3 |       ||     4
       Meat ration       |       |       |     2 ||     2
       Beef jerky        |       |       |     1 ||     1
